 Dungeon Crawl Stone Soup version 0.31-a0-986-g5e6e4ef867 (webtiles) character file.

Game seed: 18115025394400253931

233 croobank the Sneak (level 6, -1/43 HPs)
             Began as an Octopode Delver on Nov 9, 2023.
             Slain by an ice beast (14 damage)
             ... on level 3 of the Dungeon.
             The game lasted 00:04:31 (2281 turns).

croobank the Sneak (Octopode Delver)                Turns: 2281, Time: 00:04:31

Health: -1/43      AC:  1    Str: 22    XL:     6   Next: 4%
Magic:  6/6        EV: 14    Int: 15    God:
Gold:   148        SH:  0    Dex: 16    Spells: 5/5 levels left

rFire   . . .        e - +3 hand axe "Beovujaw" {freeze, Str+5 Dex+3}
rCold   . . .        (no shield)
rNeg    . . .        (helmet restricted)
rPois   .            (no amulet)
rElec   .            i - +6 ring of strength
rCorr   .            (no ring)
SInv    .            (no ring)
Will    .....        (no ring)
Stlth   +++++        (no ring)
HPRegen 0.27/turn    (no ring)
MPRegen 0.10/turn    (no ring)
                     (no ring)

%: no passive effects
@: no status effects
A: almost no armour, amphibious, 8 rings, camouflage 1, gelatinous body 1,
(nimble swimmer 1), tentacles
a: no special abilities


You were on level 3 of the Dungeon.
You visited 1 branch of the dungeon, and saw 6 of its levels.

You collected 148 gold pieces.

Inventory:

Hand Weapons
 a - a +0 short sword
 c - a +0 hand axe
 e - the +3 hand axe "Beovujaw" (weapon) {freeze, Str+5 Dex+3}
   (You found it on level 2 of the Dungeon)

   Str+5:     It affects your strength (+5).
   Dex+3:     It affects your dexterity (+3).
 k - a +0 sling
Jewellery
 i - a +6 ring of strength (left tentacle)
Wands
 f - a wand of digging (3)
Scrolls
 b - a scroll of fog
 g - 2 scrolls of identify
 h - 3 scrolls of teleportation {unknown}
 j - a scroll of immolation {unknown}
 l - a scroll of vulnerability {unknown}
 m - 2 scrolls of enchant armour {unknown}
 q - a scroll of noise {unknown}
Potions
 n - a potion of haste
 o - a potion of berserk rage
 p - a potion of cancellation
 r - a potion of enlightenment


   Skills:
 + Level 4.1 Fighting
 - Level 3.1 Short Blades
 * Level 1.3 Axes
 + Level 3.3 Dodging
 + Level 7.8 Stealth


You had 5 spell levels left.
You didn't know any spells.
Your spell library contained the following spells:

 Spells                   Type           Power      Damage    Failure   Level
 Inner Flame              Hex/Fire       0%         N/A       63%         3
 Yara's Violent Unravell  Hex/Tmut       0%         3d3       100%        5
 Enfeeble                 Hex            0%         N/A       100%        7


Dungeon Overview and Level Annotations

Branches:
Dungeon (6/15)
 Temple: D:4-7

Altars:
Okawaru

Annotations:
D:5 Eustachio


Innate Abilities, Weirdness & Mutations

You cannot wear most types of armour.
You are amphibious.
You can wear up to eight rings at the same time.
Your skin changes colour to match your surroundings (Stealth+).
Your rubbery body absorbs attacks. (AC +1, EV +1)
((You are camouflaged when in or above water. (Stealth+)))
You have tentacles for arms and can constrict up to eight enemies at once.


Message History

There is a stone staircase leading up here.
Done exploring.
As you read the scroll labelled GORAMPIMUC, it crumbles to dust.
It is a scroll of identify.
o - a potion of berserk rage
As you read the scroll of identify, it crumbles to dust.
p - a potion of cancellation
As you read the scroll of identify, it crumbles to dust.
r - a potion of enlightenment The air fills with toxic fumes!
As you read the scroll labelled TIAHAHI WOFOTYZU, it crumbles to dust.
It was a scroll of poison.
Unknown command.
You start waiting.
Done waiting.
You see here a +0 robe.
There is a stone staircase leading down here.
You climb downwards.
There is a stone staircase leading up here.
An ice beast comes into view.
You hit the ice beast.
The ice beast is lightly wounded.
The ice beast hits you. The ice beast freezes you!
You completely miss the ice beast. Your squeeze misses the ice beast.
The ice beast is lightly wounded.
The ice beast closely misses you.
The ice beast hits you but does no damage.
You hit the ice beast but do no damage.
The ice beast is lightly wounded.
The ice beast hits you but does no damage.
You hit the ice beast. You squeeze the ice beast!
The ice beast is severely wounded.
The ice beast hits you. The ice beast freezes you!
You hit the ice beast.
The ice beast is almost dead.
The ice beast barely misses you.
You hit the ice beast.
The ice beast is almost dead.
The ice beast hits you. The ice beast freezes you!
You die...

............#####.#.#
#.#####..............
# ###........###.
#...###.. .
.#######...# .
...........####.
.##+####........
................
.#....#@....####
+....Y..##.#
#....#.....#
............. .##.#
.#..#.## #. .......#
# .# ..### #. ...


You could see an ice beast.

Vanquished Creatures
  A scorpion (D:4)
  A hound (D:6)
  An iguana (D:6)
  6 adders
  A worm (D:2)
  A dart slug (D:2)
  An orc (D:4)
  3 ball pythons
  6 endoplasms
  4 giant cockroaches
  5 goblins
  3 hobgoblins
  2 jackals (D:1)
  2 kobolds
  3 quokkas
  5 bats
  6 frilled lizards
  8 rats
59 creatures vanquished.

Notes
Turn   | Place    | Note
-------+----------+-------------------------------------------
     0 | D:5      | croobank the Octopode Delver began the quest for the Orb.
     0 | D:5      | Reached XP level 1. HP: 16/16 MP: 1/1
    65 | D:6      | Noticed an iguana
    65 | D:6      | Noticed a hound
    71 | D:6      | Killed an iguana
    72 | D:6      | Reached XP level 2. HP: 21/21 MP: 2/2
    72 | D:6      | Reached XP level 3. HP: 26/26 MP: 3/3
    81 | D:6      | Reached skill level 7 in Stealth
   110 | D:6      | Noticed a water moccasin
   120 | D:6      | Noticed a kobold brigand
   150 | D:5      | Noticed a scorpion
   154 | D:5      | Noticed Eustachio
   172 | D:5      | Noticed a scorpion
   190 | D:4      | Killed a scorpion
   191 | D:4      | Reached XP level 4. HP: 13/33 MP: 4/4
   191 | D:4      | Reached XP level 5. HP: 15/37 MP: 5/5
   635 | D:2      | Identified the +3 hand axe "Beovujaw" {freeze, Str+5 Dex+3}
   778 | D:2      | Found an iron altar of Okawaru.
  1348 | D:1      | Reached skill level 1 in Axes
  1775 | D:2      | Reached XP level 6. HP: 43/43 MP: 6/6
  2273 | D:3      | Noticed an ice beast
  2281 | D:3      | Slain by an ice beast

Illustrated notes

Levels and vault maps discovered:
D:1:      psy_arrival_whirlpool, layout_basic
D:2:      layout_basic, basic_altar
D:3:      layout_basic, uniq_jessica
D:4:      layout_gridville, old_standard_altar
D:5:      layout_basic, gup_sewer_entry_spiral, minmay_pentangle, uniq_eustachio
D:6:      layout_cave_pools, mainiacjoe_overflow_alcove_4, kennysheep_mini_moat,
          minmay_overflow_temple_star_hex

Skill      XL: |  1  2  3  4  5 |
---------------+----------------+-----
Stealth        | 7 |  7.8
Short Blades   | 3 |  3.1
Dodging        | 3 |  3.3
Fighting       | 4 |  4.1
Axes           | 1 |  1.3

Action                     |  1- 3 |  4- 6 || total
---------------------------+-------+-------++-------
  Melee: Short sword       |    15 |    28 ||    43
         Tentacles         |     4 |    13 ||    17
         Constrict         |     3 |    17 ||    20
         Hand axe          |       |    56 ||    56
    Use: Scroll            |     2 |     4 ||     6
         Potion            |     1 |       ||     1
   Stab: Sleeping          |     1 |    35 ||    36
 Armour: Skin              |     9 |    24 ||    33
  Dodge: Dodged            |     8 |    26 ||    34

Table legend: (Time is in decaauts)
 A = Elapsed time spent in this place.
 B = Non-inter-level travel time spent in this place.
 C = Inter-level travel time spent in this place.
 D = Time resting spent in this place.
 E = Time spent auto-exploring this place.
 F = Levels seen in this place.
 G = Mean time per level.
                   A        B        C        D        E       F      G
               +--------+--------+--------+--------+--------+-----+--------+
         Total |   2268 |   2146 |    122 |    301 |   1325 |   6 |  378.0 |
       Dungeon |   2268 |   2146 |    122 |    301 |   1325 |   6 |  378.0 |
               +--------+--------+--------+--------+--------+-----+--------+

Top non-repeatable levels by time:
     D:2: 932 daAuts
     D:1: 711 daAuts
     D:3: 271 daAuts
     D:4: 175 daAuts
     D:5: 121 daAuts
     D:6: 56 daAuts
